| TOP OF THE 1ST |
|
Brockton Rox batting - Pitching for Niagara Falls Phantoms : LHP Nick Turner
|
|
Pitching: LHP Nick Turner
|
|
|
Batting: RHB Sal Rivera
|
0-0: Swinging Strike 0-1: Swinging Strike 0-2: Ball 1-2: Ball 2-2: Strikes out swinging
|
|
Batting: RHB Ted Emmerich
|
0-0: Called Strike 0-1: Foul Ball, location: 2F 0-2: Fly out, F8 (Line Drive, 8LM, EV 98.8 MPH)
|
|
Batting: LHB Danny Montoya
|
0-0: Ground out 4-3 (Groundball, 4, EV 104.4 MPH)
|
| Top of the 1st over - 0 runs, 0 hits, 0 errors, 0 left on base; Brockton 0 - Niagara Falls 0 |
| BOTTOM OF THE 1ST |
|
Niagara Falls Phantoms batting - Pitching for Brockton Rox : LHP Chris Deans
|
|
Pitching: LHP Chris Deans
|
|
|
Batting: SHB Edwin Dominguez
|
0-0: Ball 1-0: Called Strike 1-1: SOLO HOME RUN (Flyball, 7LD, EV 93.8 MPH), Distance : 336 ft
|
|
Batting: RHB John Sprenkel
|
0-0: Called Strike 0-1: Ball 1-1: Ball 2-1: Ball 3-1: Foul Ball, location: 2F 3-2: Strikes out looking
|
|
Batting: RHB Devon Utley
|
0-0: Foul Ball, location: 2F 0-1: Ball 1-1: Swinging Strike 1-2: Strikes out swinging
|
|
Batting: SHB Mukhtar Wa'il
|
0-0: Ball 1-0: Swinging Strike 1-1: Fly out, F4 (Popup, 23, EV 85.0 MPH)
|
| Bottom of the 1st over - 1 run, 1 hit, 0 errors, 0 left on base; Brockton 0 - Niagara Falls 1 |
| TOP OF THE 2ND |
|
Brockton Rox batting - Pitching for Niagara Falls Phantoms : LHP Nick Turner
|
|
Batting: LHB Carlos Guerra
|
0-0: Foul Ball, location: 2F 0-1: Ball 1-1: Ball 2-1: Called Strike 2-2: Strikes out swinging
|
|
Batting: RHB Jim Hubbard
|
0-0: Ball 1-0: Ball 2-0: Called Strike 2-1: Called Strike 2-2: Strikes out swinging
|
|
Batting: LHB John Buff
|
0-0: Foul Ball, location: 2F 0-1: Ground out 4-3 (Groundball, 34D, EV 108.8 MPH)
|
| Top of the 2nd over - 0 runs, 0 hits, 0 errors, 0 left on base; Brockton 0 - Niagara Falls 1 |
| BOTTOM OF THE 2ND |
|
Niagara Falls Phantoms batting - Pitching for Brockton Rox : LHP Chris Deans
|
|
Batting: RHB Christian Shearer
|
0-0: Ball 1-0: Ball 2-0: Swinging Strike 2-1: Called Strike 2-2: Ball 3-2: Foul Ball, location: 2F 3-2: Fly out, F3 (Popup, 34S, EV 85.6 MPH)
|
|
Batting: LHB Aaron Joyner
|
0-0: Ball 1-0: Ball 2-0: Ball 3-0: Called Strike 3-1: Base on Balls
|
|
Batting: RHB Nazeeh Zubair
|
0-0: Called Strike 0-1: Swinging Strike 0-2: Ball 1-2: Fly out, F8 (Flyball, 8RS, EV 91.2 MPH)
|
|
Batting: LHB Jose Lebron
|
0-0: Fly out, F7 (Line Drive, 7S, EV 110.0 MPH)
|
| Bottom of the 2nd over - 0 runs, 0 hits, 0 errors, 1 left on base; Brockton 0 - Niagara Falls 1 |
| TOP OF THE 3RD |
|
Brockton Rox batting - Pitching for Niagara Falls Phantoms : LHP Nick Turner
|
|
Batting: RHB Alex Melendez
|
0-0: Ball 1-0: Swinging Strike 1-1: Ball 2-1: Called Strike 2-2: Ball 3-2: Fly out, F8 (Flyball, 8LD, EV 95.6 MPH)
|
|
Batting: RHB Travis Campbell
|
0-0: Ball 1-0: Ball 2-0: Ball 3-0: Called Strike 3-1: Base on Balls
|
|
Batting: LHB Aaron Brannon
|
0-0: Foul Ball, location: 2F 0-1: Fly out, F7 (Flyball, 7LM, EV 88.1 MPH)
|
|
Batting: RHB Sal Rivera
|
0-0: Ball 1-0: Called Strike 1-1: Ball 2-1: Swinging Strike 2-2: Foul Ball, location: 2F 2-2: Strikes out looking
|
| Top of the 3rd over - 0 runs, 0 hits, 0 errors, 1 left on base; Brockton 0 - Niagara Falls 1 |
| BOTTOM OF THE 3RD |
|
Niagara Falls Phantoms batting - Pitching for Brockton Rox : LHP Chris Deans
|
|
Batting: LHB Bart Davies
|
0-0: Called Strike 0-1: Called Strike 0-2: Ball 1-2: Foul Ball, location: 2F 1-2: Ball 2-2: Ground out 6-3 (Groundball, 6, EV 107.5 MPH)
|
|
Batting: SHB Edwin Dominguez
|
0-0: Ball 1-0: Swinging Strike 1-1: Ball 2-1: Ground out 6-3 (Groundball, 6, EV 87.5 MPH)
|
|
Batting: RHB John Sprenkel
|
0-0: Ball 1-0: Ball 2-0: Swinging Strike 2-1: Ball 3-1: Ground out 5-3 (Groundball, 56, EV 86.2 MPH)
|
| Bottom of the 3rd over - 0 runs, 0 hits, 0 errors, 0 left on base; Brockton 0 - Niagara Falls 1 |
| TOP OF THE 4TH |
|
Brockton Rox batting - Pitching for Niagara Falls Phantoms : LHP Nick Turner
|
|
Batting: RHB Ted Emmerich
|
0-0: Called Strike 0-1: Foul Ball, location: 2F 0-2: Ball 1-2: Ball 2-2: Fly out, F8 (Line Drive, 8LM, EV 106.2 MPH)
|
|
Batting: LHB Danny Montoya
|
0-0: Ball 1-0: Ball 2-0: SINGLE (Groundball, 34D, EV 103.8 MPH)
|
|
Batting: LHB Carlos Guerra
|
0-0: Ball 1-0: Swinging Strike 1-1: SINGLE (Groundball, 6D, EV 106.2 MPH) Danny Montoya to second
|
|
Batting: RHB Jim Hubbard
|
0-0: Ball 1-0: Called Strike 1-1: Foul Ball, location: 2F 1-2: Foul Ball, location: 2F 1-2: Foul Ball, location: 2F 1-2: Foul Ball, location: 2F 1-2: Ball 2-2: TRIPLE (Flyball, 9D, EV 104.4 MPH) Danny Montoya scores Carlos Guerra scores
|
|
Batting: LHB John Buff
|
0-0: Ball 1-0: Called Strike 1-1: Ball 2-1: Swinging Strike 2-2: Ground out 6-3 (Groundball, 6, EV 86.9 MPH) Jim Hubbard scores
|
|
Batting: RHB Alex Melendez
|
0-0: SINGLE (Groundball, 34D, EV 105.6 MPH)
|
|
Batting: RHB Travis Campbell
|
0-0: Called Strike 0-1: Swinging Strike 0-2: Strikes out swinging
|
| Top of the 4th over - 3 runs, 4 hits, 0 errors, 1 left on base; Brockton 3 - Niagara Falls 1 |
| BOTTOM OF THE 4TH |
|
Niagara Falls Phantoms batting - Pitching for Brockton Rox : LHP Chris Deans
|
|
Batting: RHB Devon Utley
|
0-0: Called Strike 0-1: Ball 1-1: Called Strike 1-2: Foul Ball, location: 2F 1-2: Ball 2-2: Ball 3-2: Foul Ball, location: 2F 3-2: Foul Ball, location: 2F 3-2: Foul Ball, location: 2F 3-2: Fly out, F7 (Flyball, 7LM, EV 95.0 MPH)
|
|
Batting: SHB Mukhtar Wa'il
|
0-0: Called Strike 0-1: Foul Ball, location: 2F 0-2: Ball 1-2: SINGLE (Line Drive, 7S, EV 107.5 MPH)
|
|
Batting: RHB Christian Shearer
|
Pickoff Throw to First - Out! 1-3 0-0: Called Strike 0-1: Ball 1-1: Foul Ball, location: 2F 1-2: Fly out, F8 (Flyball, 8LXD, EV 89.4 MPH)
|
| Bottom of the 4th over - 0 runs, 1 hit, 0 errors, 0 left on base; Brockton 3 - Niagara Falls 1 |
| TOP OF THE 5TH |
|
Brockton Rox batting - Pitching for Niagara Falls Phantoms : LHP Nick Turner
|
|
Batting: LHB Aaron Brannon
|
0-0: Swinging Strike 0-1: Swinging Strike 0-2: Strikes out swinging
|
|
Batting: RHB Sal Rivera
|
0-0: Ball 1-0: Ball 2-0: Called Strike 2-1: Fly out, F7 (Line Drive, 7, EV 92.5 MPH)
|
|
Batting: RHB Ted Emmerich
|
0-0: Swinging Strike 0-1: Ball 1-1: Ball 2-1: Foul Ball, location: 2F 2-2: Fly out, F9 (Flyball, 9D, EV 91.9 MPH)
|
| Top of the 5th over - 0 runs, 0 hits, 0 errors, 0 left on base; Brockton 3 - Niagara Falls 1 |
| BOTTOM OF THE 5TH |
|
Niagara Falls Phantoms batting - Pitching for Brockton Rox : LHP Chris Deans
|
|
Batting: LHB Aaron Joyner
|
0-0: Called Strike 0-1: Ground out 6-3 (Groundball, 6, EV 82.5 MPH)
|
|
Batting: RHB Nazeeh Zubair
|
0-0: Called Strike 0-1: Ball 1-1: Ball 2-1: Ground out 5-3 (Groundball, 56S, EV 83.8 MPH)
|
|
Batting: LHB Jose Lebron
|
0-0: Ball 1-0: Swinging Strike 1-1: Ball 2-1: SINGLE (Line Drive, 3L, EV 98.1 MPH)
|
|
Batting: LHB Bart Davies
|
0-0: Ball Pickoff Throw to First - Out! 1-3
|
| Bottom of the 5th over - 0 runs, 1 hit, 0 errors, 0 left on base; Brockton 3 - Niagara Falls 1 |
| TOP OF THE 6TH |
|
Brockton Rox batting - Pitching for Niagara Falls Phantoms : LHP Nick Turner
|
|
Pitching: RHP Vicente Martinez
|
|
|
Batting: LHB Danny Montoya
|
0-0: Called Strike 0-1: Ball 1-1: Foul Ball, location: 2F 1-2: Fly out, F9 (Flyball, 9D, EV 104.4 MPH)
|
|
Batting: LHB Carlos Guerra
|
0-0: Ball 1-0: Foul Ball, location: 2F 1-1: Swinging Strike 1-2: Strikes out swinging
|
|
Batting: RHB Jim Hubbard
|
0-0: Foul Ball, location: 2F 0-1: Ball 1-1: Foul Ball, location: 2F 1-2: Strikes out swinging
|
| Top of the 6th over - 0 runs, 0 hits, 0 errors, 0 left on base; Brockton 3 - Niagara Falls 1 |
| BOTTOM OF THE 6TH |
|
Niagara Falls Phantoms batting - Pitching for Brockton Rox : LHP Chris Deans
|
|
Batting: LHB Bart Davies
|
0-0: Foul Ball, location: 2F 0-1: Ball 1-1: Called Strike 1-2: Fly out, F8 (Flyball, 8RS, EV 88.1 MPH)
|
|
Batting: SHB Edwin Dominguez
|
0-0: Ball 1-0: Called Strike 1-1: Ball 2-1: Foul Ball, location: 2F 2-2: Foul Ball, location: 2F 2-2: Ball 3-2: SINGLE (Groundball, 5S, EV 75.0 MPH) (infield hit)
|
|
Pitching: RHP Jose Abanto
|
|
|
Batting: RHB John Sprenkel
|
0-0: Ball 1-0: Called Strike Edwin Dominguez is caught stealing 2nd base 2-4 1-1: Foul Ball, location: 2F 1-2: Fly out, F9 (Flyball, 9LM, EV 71.9 MPH)
|
| Bottom of the 6th over - 0 runs, 1 hit, 0 errors, 0 left on base; Brockton 3 - Niagara Falls 1 |
| TOP OF THE 7TH |
|
Brockton Rox batting - Pitching for Niagara Falls Phantoms : RHP Vicente Martinez
|
|
Batting: LHB John Buff
|
0-0: Called Strike 0-1: Ball 1-1: SINGLE (Groundball, 34D, EV 101.9 MPH)
|
|
Batting: RHB Alex Melendez
|
0-0: Foul Ball, location: 2F 0-1: Called Strike 0-2: Ball 1-2: Ball 2-2: Strikes out swinging
|
|
Batting: RHB Travis Campbell
|
0-0: Called Strike 0-1: Called Strike 0-2: Strikes out swinging
|
|
Batting: LHB Aaron Brannon
|
0-0: Ball John Buff steals 2nd base 1-0: Swinging Strike 1-1: Swinging Strike 1-2: Strikes out looking
|
| Top of the 7th over - 0 runs, 1 hit, 0 errors, 1 left on base; Brockton 3 - Niagara Falls 1 |
| BOTTOM OF THE 7TH |
|
Niagara Falls Phantoms batting - Pitching for Brockton Rox : RHP Jose Abanto
|
|
Batting: RHB Devon Utley
|
0-0: Ground out 5-3 (Groundball, 56, EV 101.2 MPH)
|
|
Batting: SHB Mukhtar Wa'il
|
0-0: Foul Ball, location: 2F 0-1: Foul Ball, location: 2F 0-2: Strikes out swinging
|
|
Batting: RHB Christian Shearer
|
0-0: Ball 1-0: Ball 2-0: Ball 3-0: Base on Balls
|
|
Batting: LHB Aaron Joyner
|
0-0: Ball 1-0: Ball Wild Pitch! Christian Shearer to second 2-0: Ball 3-0: Called Strike 3-1: Swinging Strike 3-2: SINGLE (Groundball, 23, EV 89.4 MPH) (infield hit) Christian Shearer to third
|
|
Batting: RHB Nazeeh Zubair
|
0-0: Called Strike 0-1: Ball 1-1: Ball 2-1: Foul Ball, location: 2F 2-2: Foul Ball, location: 2F 2-2: Ball 3-2: Base on Balls Aaron Joyner to second
|
|
Batting: LHB Jose Lebron
|
0-0: Ball 1-0: Ball 2-0: Called Strike 2-1: SINGLE (Flyball, 6D, EV 96.2 MPH) Christian Shearer scores Aaron Joyner to third Nazeeh Zubair to second Runner from 3rd tries for Home, SAFE, throw by CF to home
|
|
Batting: LHB Bart Davies
|
0-0: Ball 1-0: Ball 2-0: Foul Ball, location: 2F 2-1: Called Strike 2-2: Foul Ball, location: 2F 2-2: Ball 3-2: Base on Balls Nazeeh Zubair to third Jose Lebron to second
|
|
Batting: SHB Edwin Dominguez
|
0-0: Fly out, F8 (Flyball, 8LD, EV 100.6 MPH)
|
| Bottom of the 7th over - 2 runs, 2 hits, 0 errors, 3 left on base; Brockton 3 - Niagara Falls 3 |
| TOP OF THE 8TH |
|
Brockton Rox batting - Pitching for Niagara Falls Phantoms : RHP Vicente Martinez
|
|
Pitching: RHP Isaias Chavez
|
|
|
Batting: RHB Sal Rivera
|
0-0: Ball 1-0: Ball 2-0: SINGLE (Flyball, 78S, EV 90.6 MPH)
|
|
Batting: RHB Ted Emmerich
|
0-0: Foul Ball, location: 2F 0-1: Ball 1-1: Ball 2-1: Ball 3-1: Foul Ball, location: 2F 3-2: Base on Balls Sal Rivera to second
|
|
Pitching: LHP Fernando Mendoza
|
|
|
Pinch Hitting: RHB Mike Griffin
|
0-0: Ball 1-0: Swinging Strike 1-1: Ball 2-1: Swinging Strike 2-2: Strikes out swinging
|
|
Pinch Hitting: RHB Scott Hawkins
|
0-0: Ball 1-0: Ball 2-0: Ball 3-0: Base on Balls Sal Rivera to third Ted Emmerich to second
|
|
Pitching: RHP Jimmy Wilder
|
|
|
Pinch Hitting: LHB Miguel Maymi
|
0-0: Called Strike 0-1: DOUBLE (Line Drive, 78D, EV 106.2 MPH) Sal Rivera scores Ted Emmerich scores Scott Hawkins to third
|
|
Pitching: LHP George Grady
|
|
|
Batting: LHB John Buff
|
0-0: Called Strike 0-1: Ball 1-1: Foul Ball, location: 2F 1-2: Ball 2-2: Ball 3-2: Strikes out looking
|
|
Pitching: RHP Jimmy Williams
|
|
|
Batting: RHB Alex Melendez
|
0-0: Foul Ball, location: 2F 0-1: Called Strike 0-2: Ball 1-2: Foul Ball, location: 2F 1-2: Strikes out looking
|
| Top of the 8th over - 2 runs, 2 hits, 0 errors, 2 left on base; Brockton 5 - Niagara Falls 3 |
| BOTTOM OF THE 8TH |
|
Niagara Falls Phantoms batting - Pitching for Brockton Rox : RHP Jose Abanto
|
|
Pitching: RHP Ryuhei Shimabukuro
|
|
|
Now at 1B: Miguel Maymi
|
|
|
Now at 2B: Mike Griffin
|
|
|
Now in LF: Mike Hutcheson
|
|
|
Pinch Hitting: LHB Victor Fiallos
|
0-0: Called Strike 0-1: Called Strike 0-2: Strikes out looking
|
|
Batting: RHB Devon Utley
|
0-0: Foul Ball, location: 2F 0-1: TRIPLE (Flyball, 89XD, EV 91.9 MPH)
|
|
Batting: SHB Mukhtar Wa'il
|
0-0: Called Strike 0-1: Called Strike 0-2: Ball 1-2: Foul Ball, location: 2F 1-2: Ball 2-2: Ball 3-2: Base on Balls
|
|
Batting: RHB Christian Shearer
|
0-0: Ball 1-0: Ground out 5-3 (Groundball, 25, EV 83.8 MPH) Mukhtar Wa'il to second
|
|
Batting: LHB Aaron Joyner
|
0-0: Ball 1-0: Called Strike 1-1: Foul Ball, location: 2F 1-2: Strikes out looking
|
| Bottom of the 8th over - 0 runs, 1 hit, 0 errors, 2 left on base; Brockton 5 - Niagara Falls 3 |
| TOP OF THE 9TH |
|
Brockton Rox batting - Pitching for Niagara Falls Phantoms : RHP Jimmy Williams
|
|
Pitching: RHP Mark Stafford
|
|
|
Now in LF: David Stewart
|
|
|
Batting: RHB Travis Campbell
|
0-0: SINGLE (Groundball, 56D, EV 102.5 MPH)
|
|
Batting: LHB Aaron Brannon
|
0-0: Called Strike 0-1: Called Strike 0-2: Ball 1-2: Ball 2-2: Fielders Choice at 2nd, 4-6 (Groundball, 34, EV 88.8 MPH)
|
|
Batting: RHB Sal Rivera
|
0-0: Called Strike Aaron Brannon steals 2nd base 0-1: Called Strike 0-2: Ball 1-2: Strikes out looking
|
|
Batting: RHB Ted Emmerich
|
0-0: Ground out 4-3 (Groundball, 4M, EV 94.4 MPH)
|
| Top of the 9th over - 0 runs, 1 hit, 0 errors, 1 left on base; Brockton 5 - Niagara Falls 3 |
| BOTTOM OF THE 9TH |
|
Niagara Falls Phantoms batting - Pitching for Brockton Rox : RHP Ryuhei Shimabukuro
|
|
Pitching: RHP Josiah Russell
|
|
|
Batting: RHB Nazeeh Zubair
|
0-0: Swinging Strike 0-1: Ball 1-1: Ball 2-1: Ball 3-1: Foul Ball, location: 2F 3-2: Base on Balls
|
|
Batting: LHB Jose Lebron
|
0-0: Foul Ball, location: 2F 0-1: Swinging Strike 0-2: Strikes out swinging
|
|
Batting: LHB Bart Davies
|
0-0: Foul Ball, location: 2F 0-1: Foul Ball, location: 2F 0-2: Strikes out swinging
|
|
Batting: SHB Edwin Dominguez
|
0-0: Ball 1-0: Ball 2-0: Ball 3-0: Base on Balls Nazeeh Zubair to second
|
|
Batting: SHB David Stewart
|
0-0: Called Strike 0-1: Swinging Strike 0-2: Fly out, F7 (Flyball, 78XD, EV 105.6 MPH)
|
| Bottom of the 9th over - 0 runs, 0 hits, 0 errors, 2 left on base; Brockton 5 - Niagara Falls 3 |
|